 Dungeon Crawl Stone Soup version 0.16.2-12-gd0ad4c3 (webtiles) character file.

51 glosham the Magician (level 3, -1/20 HPs)
             Began as a Deep Elf Warper on Sept 20, 2018.
             Slain by a giant gecko (4 damage)
             ... on level 2 of the Dungeon.
             The game lasted 00:23:41 (955 turns).

glosham the Magician (Deep Elf Warper)               Turns: 955, Time: 00:23:42

Health: -1/20      AC:  4    Str:  8    XL:     3   Next: 57%
Magic:  2/14       EV: 12    Int: 18    God:
Gold:   82         SH:  0    Dex: 14    Spells: 5 memorised, 1 level left

rFire  . . .     SeeInvis .     r - +2 whip (flame)
rCold  . . .     Clarity  .     X - +0 leather armour
rNeg   . . .     SustAb   .     (no shield)
rPois  .         Gourm    .     U - +0 helmet
rElec  .         Spirit   .     (no cloak)
rCorr  .         Warding  .     (no gloves)
rMut   .         Stasis   .     (no boots)
MR     .....                    (no amulet)
Stlth  +.........               (no ring)
                                F - ring of flight

@: not resistant to hostile enchantments, very unstealthy
A: no striking features
a: Evoke Flight


You were on level 2 of the Dungeon.
You were not hungry.

You visited 1 branch of the dungeon, and saw 2 of its levels.

You collected 82 gold pieces.

Inventory:

Hand weapons
 a - a +1 short sword
 b - a +0 hunting sling
 r - a +2 whip of flaming (weapon)
Missiles
 e - 5 tomahawks of dispersal (quivered)
 h - 19 poisoned bolts
 l - 43 stones
 n - 21 arrows
Armour
 i - a +0 ring mail
 j - a +0 robe
 o - a +0 robe
 p - a +0 robe
 U - a +0 helmet (worn)
 X - a +0 leather armour (worn)
Jewellery
 F - a ring of flight (left hand)
Scrolls
 d - a scroll of blinking
 k - a scroll of magic mapping
 m - a scroll of teleportation
Potions
 s - a potion of curing
Books
 c - a book of Spatial Translocations

   Spells                             Type                      Level
   a - Apportation                    Translocation                1
   b - Blink                          Translocation                2
   c - Shroud of Golubria             Charms/Translocation         2
   d - Portal Projectile              Translocation                3
   e - Teleport Other                 Translocation                3
   f - Passage of Golubria            Translocation                4
Comestibles
 f - a bread ration
 g - a beef jerky
 q - 3 chunks of flesh


   Skills:
 - Level 1.5 Fighting
 - Level 2.0 Short Blades
 - Level 1.1 Throwing
 - Level 0.7 Armour
 - Level 2.4 Dodging
 * Level 5.4 Spellcasting
 + Level 3.4 Translocations


You had one spell level left.
You knew the following spells:

 Your Spells              Type           Power        Failure   Level  Hunger
a - Apportation           Tloc           ###.......   6%          1    None
b - Blink                 Tloc           N/A          10%         2    #......
p - Portal Projectile     Tloc           ###...       14%         3    ##.....
s - Shroud of Golubria    Chrm/Tloc      ##........   14%         2    #......
t - Teleport Other        Tloc           ###.....     14%         3    ##.....


Dungeon Overview and Level Annotations

Branches:
Dungeon (2/15)

Altars:


Message History

Press: ? - help, Shift-Dir - straight line, f/p - giant gecko
Aim: a giant gecko You magically shoot a stone.
The stone closely misses the giant gecko.
The giant gecko barely misses you.
Press: ? - help, v - describe, . - travel, g - get item A runed whip.
The floor.
r - a runed whip The giant gecko bites you.
* * * LOW HITPOINT WARNING * * *
Read which item? (? for menu, Esc to quit)
Okay, then.
Wield which item (- for none, * to show all)? (? for menu, Esc to quit)
It bursts into flame!
r - a +2 whip of flaming (weapon)
The giant gecko bites you.
* * * LOW HITPOINT WARNING * * *
You are no longer teleporting projectiles to their destination.
The giant gecko closely misses you. The giant gecko closely misses you.
Items here: )) ÷ † a short sword; a dagger; a kobold corpse; a goblin skeleton The giant gecko closely misses you.
Casting: Portal Projectile
Confirm with . or Enter, or press ? or * to list all spells.
You miscast Blink.
You are very lightly contaminated with residual magic.
Nothing appears to happen.
The giant gecko bites you.
* * * LOW HITPOINT WARNING * * *
The giant gecko bites you but does no damage.
Casting: Blink
Confirm with . or Enter, or press ? or * to list all spells.
You blink.
The giant gecko misses you. The giant gecko barely misses you.
Your magical contamination has completely faded away.
Some of the chunks of flesh in your inventory have rotted away.
The giant gecko bites you.
You die...

# ####### #.#######.....#####
#...................
##.#.#.##........(.#
#...>..............#
##.#.#.#.....(.(...#
.####......l#....((.<..######
......#.#.#.#@..........+....#
#.......#####......####.#
#########)#.#.################..
................................
####........###################.
#...........# #. #...........#
########## #...........#
#......... #...........#
#.########


You could see a giant gecko.

Vanquished Creatures
  Jessica (D:2)
  A worm (D:2)
  3 giant cockroaches (D:1)
  4 goblins
  A hobgoblin (D:1)
  5 kobolds
  2 ball pythons
  A giant gecko (D:2)
  4 jackals (D:2)
  A quokka (D:2)
  6 rats
29 creatures vanquished.

Notes
Turn   | Place    | Note
--------------------------------------------------------------
     0 | D:1      | glosham, the Deep Elf Warper, began the quest for the Orb.
     0 | D:1      | Reached XP level 1. HP: 12/12 MP: 5/5
   181 | D:1      | Reached skill level 4 in Spellcasting
   181 | D:1      | Reached XP level 2. HP: 16/16 MP: 7/9
   201 | D:1      | Learned a level 2 spell: Blink
   204 | D:1      | Learned a level 2 spell: Shroud of Golubria
   503 | D:2      | Noticed Jessica
   512 | D:2      | Killed Jessica
   512 | D:2      | Reached skill level 5 in Spellcasting
   512 | D:2      | Reached XP level 3. HP: 20/20 MP: 11/14
   593 | D:2      | Learned a level 3 spell: Portal Projectile
   597 | D:2      | Learned a level 3 spell: Teleport Other
   917 | D:2      | HP: 2/20 [giant gecko (3)]
   934 | D:2      | HP: 2/20 [giant gecko (1)]
   955 | D:2      | Slain by a giant gecko

Action                   || total
-------------------------++-------
Melee: Short sword       ||    99
 Fire: Hunting sling     ||    22
 Cast: Apportation       ||     1
       Portal Projectile ||     4
       Blink             ||     1
       Shroud of Golubri ||     1
  Use: Scroll            ||     7
       Potion            ||     2

Table legend:
 A = Turns spent in this place as a percentage of turns spent in the entire game.
 B = Non-inter-level travel turns spent in this place as a percentage of non-inter-level travel turns spent in the entire game.
 C = Inter-level travel turns spent in this place as a percentage of turns spent in this place.
 D = Turns resting spent in this place as a percentage of non-inter-level travel turns spent in this place.
 E = Turns spent auto-exploring this place as a percentage of non-inter-level travel turns spent in this place.
 F = Non-inter-level travel turns spent in this place divided by the number of levels of this place that you've seen.
                   A       B       C       D       E      F
               +-------+-------+-------+-------+-------+----------------------
         Total | 100.0 | 100.0 |   0.2 |   0.2 |   0.0 | 445.5
       Dungeon | 100.0 | 100.0 |   0.2 |   0.2 |   0.0 | 445.5
               +-------+-------+-------+-------+-------+----------------------

Table legend:
 A = Kills in this place as a percentage of kills in entire the game.
 B = Kills by you in this place as a percentage of kills by you in the entire game.
 C = Kills by friends in this place as a percentage of kills by friends in the entire game.
 D = Other kills in this place as a percentage of other kills in the entire game.
 E = Experience gained in this place as a percentage of experience gained in the entire game.
 F = Experience gained in this place divided by the number of levels of this place that you have seen.
                   A       B       C       D       E      F
               +-------+-------+-------+-------+-------+----------------------
         Total | 100.0 | 100.0 |  -nan |  -nan | 100.0 |  36.5
       Dungeon | 100.0 | 100.0 |  -nan |  -nan | 100.0 |  36.5
               +-------+-------+-------+-------+-------+----------------------

Vault maps used:
D:1:      scummos_arrival_star
D:2:      st_stairs_8, uniq_jessica
